 Dungeon Crawl Stone Soup version 0.29.1-15-g9cfb28693d (webtiles) character file.

Game seed: 929849117065692104

12 KyoPewz the Firebug (level 2, -1/15 HPs)
             Began as a Deep Elf Fire Elementalist on Mar 1, 2023.
             Frozen to death by an endoplasm (2 damage)
             ... on level 1 of the Dungeon.
             The game lasted 00:02:58 (116 turns).

KyoPewz the Firebug (Deep Elf Fire Elementalist)     Turns: 116, Time: 00:02:59

Health: -1/15      AC:  2    Str:  5    XL:     2   Next: 20%
Magic:  2/8        EV: 12    Int: 19    God:
Gold:   27         SH:  0    Dex: 15    Spells: 6/7 levels left

rFire   . . .      SeeInvis .   c - +0 dagger
rCold   . . .      Faith    .   (no shield)
rNeg    . . .      Spirit   .   a - +0 robe
rPois   .          Reflect  .   (no helmet)
rElec   .          Harm     .   (no cloak)
rCorr   .          Rampage  .   (no gloves)
Will    .....                   (no boots)
Stlth   ++........              (no amulet)
HPRegen 0.05/turn               (no ring)
MPRegen 0.11/turn               (no ring)

@: no status effects
A: no striking features
a: no special abilities


You were on level 1 of the Dungeon.
You visited 1 branch of the dungeon, and saw 1 of its levels.

You collected 27 gold pieces.

Inventory:

Hand Weapons
 c - a +0 dagger (weapon)
Armour
 a - a +0 robe (worn)
Potions
 b - a potion of magic


   Skills:
 - Level 2.4 Dodging
 - Level 2.4 Stealth
 + Level 3.2 Spellcasting
 * Level 1.8 Conjurations
 * Level 3.6 Fire Magic


You had 6 spell levels left.
You knew the following spells:

 Your Spells              Type           Power      Damage    Failure   Level
a - Foxfire               Conj/Fire      52%        2x1d6     4%          1

Your spell library contained the following spells:

 Spells                   Type           Power      Damage    Failure   Level
 Scorch                   Fire           32%        2d6       4%          2
 Conjure Flame            Conj/Fire      13%        6-21      14%         3
 Inner Flame              Hex/Fire       9%         N/A       22%         3
 Flame Wave               Conj/Fire      13%        2d6       43%         4


Dungeon Overview and Level Annotations

Branches:
Dungeon (1/15)

Altars:


Message History

The endoplasm jiggles.
Press: ? - help, v - describe, . - travel, g - get item
Here: a jackal (almost dead)
Items here: a jackal corpse; a rat corpse.
The floor.
You closely miss the jackal.
The jackal is almost dead.
The jackal bites you.
* * * LOW HITPOINT WARNING * * *
The jackal barely misses you.
You take 1 damage, and have 4/15 hp.
You hit the jackal.
You kill the jackal!
Press: ? - help, v - describe, . - travel, g - get item
Here: a quokka
Items here: a jackal corpse; a rat corpse.
The floor.
The quokka bites you.
* * * LOW HITPOINT WARNING * * *
You take 1 damage, and have 3/15 hp.
The quokka attacks as you move away! The quokka misses you.
The quokka bites you.
* * * LOW HITPOINT WARNING * * *
You take 2 damage, and have 1/15 hp.
You are too injured to fight recklessly!
Casting: Foxfire (safe; 4% risk of failure)
Confirm with . or Enter, or press ? or * to list all spells.
You conjure some foxfire!
The quokka closely misses you.
You now have 2/8 mp.
You closely miss the quokka.
The foxfire hits the quokka.
You kill the quokka!
The foxfire hits the endoplasm.
The endoplasm is moderately wounded.
Casting: Foxfire (safe; 4% risk of failure)
Confirm with . or Enter, or press ? or * to list all spells.
You conjure some foxfire!
The jackal pauses to sniff the ground.
The endoplasm freezes you.
You are frozen.
You die...

PPPP....#
.#........ ###
........# ##..
......#.. ##...
#........ ##..#
#........
#vv#######........
#@Jgh.l..†......♣.
###########....8..
#....... #.......
#.h.<... #.......
####.##. #††#.
###..


You could see a gnoll, an endoplasm (ally target), a jackal and a frilled
lizard.

Vanquished Creatures
  A giant cockroach (D:1)
  A goblin (D:1)
  2 hobgoblins (D:1)
  3 jackals (D:1)
  A quokka (D:1)
  A frilled lizard (D:1)
  A rat (D:1)
10 creatures vanquished.

Vanquished Creatures (others)
  16 foxfires (D:1)
16 creatures vanquished.

Grand Total: 26 creatures vanquished

Notes
Turn   | Place    | Note
-------+----------+-------------------------------------------
     0 | D:1      | KyoPewz the Deep Elf Fire Elementalist began the quest for
                  | the Orb.
     0 | D:1      | Reached XP level 1. HP: 10/10 MP: 6/6
    93 | D:1      | Reached XP level 2. HP: 5/15 MP: 1/8
   116 | D:1      | Frozen to death by an endoplasm

Illustrated notes

Levels and vault maps discovered:
D:1:      wander_arrival_lonely_grave, layout_rooms, minmay_gold_behind_fungi,
          st_stairs_7, minmay_statues_item

Action                   || total
-------------------------++-------
Melee: Dagger            ||    23
 Cast: Foxfire           ||    13
Armor: Robe              ||    14
Dodge: Dodged            ||    38
